 Dungeon Crawl Stone Soup version 0.22.1-1-ga44c0e56f4 (webtiles) character file.

0 Gargoyl the Skirmisher (level 1, -3/19 HPs)
             Began as a Centaur Abyssal Knight on Oct 8, 2018.
             Was a Follower of Lugonu.
             Slain by a hellwing (15 damage)
             ... on level 1 of the Abyss.
             The game lasted 00:00:43 (220 turns).

Gargoyl the Skirmisher (Centaur Abyssal Knight)      Turns: 220, Time: 00:00:44

Health: -3/19      AC:  4    Str: 14    XL:     1   Next: 0%
Magic:  2/2        EV:  9    Int: 11    God:    Lugonu [*.....]
Gold:   0          SH:  0    Dex:  4    Spells: 0/0 levels left

rFire    . . .     SeeInvis .   a - +1 hand axe
rCold    . . .     Gourm    .   (no shield)
rNeg     . . .     Faith    .   b - +0 leather armour
rPois    .         Spirit   .   (helmet restricted)
rElec    .         Reflect  .   (no cloak)
rCorr    .         Harm     .   (no gloves)
MR       .....                  (no barding)
Stlth    ..........             (no amulet)
HPRegen  0.06/turn              (no ring)
MPRegen  0.08/turn              (no ring)

@: very quick
A: large, antennae 1, hooves 3, [clumsy 2], deformed body, speed 2, low mp 1,
tough skin 3
a: Depart the Abyss, Renounce Religion


You were on level 1 of the Abyss.
You worshipped Lugonu.
Lugonu was aware of your devotion.
You were not hungry.

You visited 0 branches of the dungeon, and saw 0 of its levels.
You visited the Abyss 1 time.

Inventory:

Hand Weapons
 a - a +1 hand axe (weapon)
Armour
 b - a +0 leather armour (worn)
Comestibles
 c - 2 rations


   Skills:
 + Level 3.0 Fighting
 + Level 1.7 Axes
 + Level 1.3 Armour
 + Level 0.6 Dodging
 + Level 2.0 Invocations


You couldn't memorise any spells.
You didn't know any spells.
Your spell library was empty.

Dungeon Overview and Level Annotations

Branches:
Dungeon (0/15)

Altars:


Innate Abilities, Weirdness & Mutations

You have hooves in place of feet.
Armour fits poorly on your strangely shaped body.
You cover ground very quickly.
You have extremely tough skin. (AC +3)
You have a pair of small antennae on your head.
Your magical capacity is low. (-10% MP)
[You are very clumsy. (Dex -4)]


Message History

A small abomination comes into view.
A wretched star comes into view.
The wretched star pulses with an eldritch light!
You feel clumsy. x2
The small abomination hits you. The smoke demon gestures at you.
The ball of steam hits you!
A small abomination comes into view.
The small abomination moves out of view.
A neqoxec comes into view.
The neqoxec shouts!
A hellwing comes into view.
You enter the shallow water.
Moving in this stuff is going to be slow.
You enter the shallow water.
Moving in this stuff is going to be slow.
The hellwing swoops through the air toward you!
The hellwing hits you!
Ouch! That really hurt!
You die...

.. #≈*.##..#
#.##≈≈≈.# ..#
#.≈♣.≈##≈#...
#.#.≈≈.♣...# #
...4.#..#≈≈..##
#.##.##.#≈....≈
....#.#.x# #≈.≈≈
#.#...#..#.≈≈.#≈
##..@..# #
......#.4##
......##.#
#..##. .. #.# .#
.#. .. # #... #
.. .#.


You could see a hellwing and a small abomination.

Vanquished Creatures (others)
  A starspawn tentacle (Abyss:1)
1 creature vanquished.

Notes
Turn   | Place    | Note
-------+----------+-------------------------------------------
     0 | Abyss:1  | Gargoyl the Centaur Abyssal Knight began the quest for the
                  | Orb.
     0 | Abyss:1  | Reached XP level 1. HP: 19/19 MP: 2/2
    25 | Abyss:1  | Found a corrupted altar of Lugonu.
    49 | Abyss:1  | Noticed a neqoxec
    50 | Abyss:1  | Gained mutation: Your magical capacity is low. (-10% MP) [a
                  | neqoxec]
    56 | Abyss:1  | Gained mutation: You have a pair of small antennae on your
                  | head. [a neqoxec]
   120 | Abyss:1  | Noticed a large abomination
   124 | Abyss:1  | Noticed a kobold demonologist
   126 | Abyss:1  | Noticed a crimson imp
   134 | Abyss:1  | Noticed a sun demon
   134 | Abyss:1  | Noticed a tentacled starspawn
   134 | Abyss:1  | Noticed a quasit
   135 | Abyss:1  | Noticed a small abomination
   163 | Abyss:1  | Noticed a small abomination
   163 | Abyss:1  | Noticed a large abomination
   164 | Abyss:1  | Noticed a worldbinder
   180 | Abyss:1  | Noticed a smoke demon
   187 | Abyss:1  | Noticed a large abomination
   188 | Abyss:1  | Noticed a small abomination
   192 | Abyss:1  | Noticed a wretched star
   202 | Abyss:1  | Noticed a small abomination
   203 | Abyss:1  | Noticed a neqoxec
   212 | Abyss:1  | Noticed a hellwing
   220 | Abyss:1  | Slain by a hellwing

Action                   || total
-------------------------++-------
  Use: Scroll            ||     2
